 Dungeon Crawl Stone Soup version 0.19-a0-459-gb8ed64d (webtiles) character file.

39 Duffy the Magician (level 3, 0/19 HPs)
             Began as a Gargoyle Air Elementalist on June 2, 2016.
             Slain by an adder (4 damage)
             ... on level 2 of the Dungeon.
             The game lasted 00:01:45 (1923 turns).

Duffy the Magician (Gargoyle Air Elementalist)      Turns: 1923, Time: 00:01:46

Health: 0/19       AC:  5    Str: 11    XL:     3   Next: 47%
Magic:  0/7        EV: 12    Int: 16    God:
Gold:   98         SH:  0    Dex: 10    Spells: 3 memorised, 1 level left

rFire  . . .     SeeInvis .     h - +0 whip
rCold  . . .     Gourm    .     a - +0 robe
rNeg   + . .     Faith    .     (no shield)
rPois  ∞         Spirit   .     (no helmet)
rElec  +         Dismiss  .     (no cloak)
rCorr  .         Reflect  .     (no gloves)
SustAt .         Harm     .     (no boots)
MR     .....                    (no amulet)
Stlth  ++........               (no ring)
                                (no ring)

@: not resistant to hostile enchantments, unstealthy
A: negative energy resistance 1, electricity resistance, unbreathing,
petrification resistance, rot immunity, AC +3
a: no special abilities


You were on level 2 of the Dungeon.
You were not hungry.

You visited 1 branch of the dungeon, and saw 2 of its levels.

You collected 98 gold pieces.


Innate Abilities, Weirdness & Mutations

You are resistant to torment.
Your stone body is resilient. (AC +3)
You are immune to poison.
You resist negative energy. (rN+)
You are resistant to electric shocks. (rElec)
You can survive without breathing.
You are immune to petrification.
You are immune to rotting.


   Skills:
 - Level 1.5 Dodging
 - Level 2.1 Stealth
 + Level 2.7 Spellcasting
 + Level 2.4 Conjurations
 + Level 2.5 Air Magic


You had one spell level left.
You knew the following spells:

 Your Spells              Type           Power        Failure   Level  Hunger
a - Shock                 Conj/Air       ##..         10%         1    #......
c - Static Discharge      Conj/Air       ##......     21%         3    ###....
m - Repel Missiles        Chrm/Air       #.....       21%         2    ##.....

Inventory:

Hand Weapons
 h - a +0 whip (weapon)
Missiles
 e - 5 javelins (quivered)
Armour
 a - a +0 robe (worn)
Scrolls
 f - a scroll of enchant armour {unknown}
 g - a scroll of blinking {unknown}
 i - a scroll of teleportation {unknown}
 j - a scroll of magic mapping {unknown}
 l - a scroll of amnesia {unknown}
 m - a scroll of random uselessness {unknown}
Potions
 d - 3 potions of agility {unknown}
 k - a potion of curing {unknown}
Books
 b - a book of Air
Comestibles
 c - 2 bread rations

Dungeon Overview and Level Annotations

Branches:
Dungeon (2/15)

Altars:


Message History

Aim: an adder The zap misses the adder.
The adder bites you. x2
Cast which spell? (? or * to list)
Aiming: Shock
Press: ? - help, Shift-Dir - straight line, f/p - adder
Aim: an adder The zap hits the adder.
The adder is moderately wounded.
The adder bites you.
Cast which spell? (? or * to list)
Aiming: Shock
Press: ? - help, Shift-Dir - straight line, f/p - adder
Aim: an adder (moderately wounded)
The zap hits the adder.
The adder is severely wounded.
The adder bites you but does no damage.
Cast which spell? (? or * to list)
You don't have enough magic to cast that spell.
You miss the adder.
The adder is severely wounded.
The adder bites you but does no damage. The adder barely misses you.
You miss the adder.
The adder is heavily wounded.
The adder bites you.
You miss the adder.
The adder is heavily wounded.
The adder closely misses you. The adder misses you.
You closely miss the adder.
The adder is heavily wounded.
The adder misses you.
You closely miss the adder.
The adder is heavily wounded.
The adder closely misses you. x2
You closely miss the adder.
The adder is heavily wounded.
The adder barely misses you. The adder bites you but does no damage.
Cast which spell? (? or * to list)
Aiming: Shock
Press: ? - help, Shift-Dir - straight line, p - adder The zap misses the adder.
The zap hits the adder.
The adder is almost dead.
The adder bites you. The adder misses you.
You miss the adder.
The adder is almost dead.
The adder bites you.
You miss the adder.
The adder is almost dead.
The adder bites you.
You die...

#.# #.... ....
#.#.# #.#.#####
#.#.##
..........#....#
....8...#.#%#..#
...8.8......#..#
#.8._.8.###.#@.#
#..8.8....).S..#
#...8.......##[#
#........#####.#
#.###....# #.#
###### #.# #.#
#.# #.#


You could see an adder.

Action                   || total
-------------------------++-------
Melee: Whip              ||    67
Throw: Javelin           ||     5
 Cast: Shock             ||    40
       Repel Missiles    ||     1
  Eat: Chunk             ||     4
Armor: Robe              ||    21
Dodge: Dodged            ||    55
       Deflected         ||     1

Notes
Turn   | Place    | Note
--------------------------------------------------------------
     0 | D:1      | Duffy the Gargoyle Air Elementalist began the quest for the Orb.
     0 | D:1      | Reached XP level 1. HP: 10/10 MP: 3/3
   237 | D:1      | Reached XP level 2. HP: 15/15 MP: 1/5
   284 | D:1      | Learned a level 2 spell: Repel Missiles
   581 | D:1      | Reached skill level 2 in Conjurations
  1481 | D:1      | Reached XP level 3. HP: 19/19 MP: 3/6
  1562 | D:1      | Learned a level 3 spell: Static Discharge
  1898 | D:2      | Found a faded altar of an unknown god.
  1923 | D:2      | Slain by an adder

Skill      XL: |  1  2 |
---------------+-------+-----
Conjurations   | 2 |  2.4
Dodging        | |  1.5
Stealth        | |  2.1
Spellcasting   | |  2.7
Air Magic      | |  2.5

Vault maps used:
D:1:      dpeg_arrival_ratfight, roderic_lattice_a
D:2:      ecumenical_altar_2

Vanquished Creatures
  An adder
  A worm
  2 dart slugs
  A ball python
  2 bats
  A giant cockroach
  3 goblins
  4 hobgoblins
  2 kobolds
  9 rats
26 creatures vanquished.
